 Dungeon Crawl Stone Soup version 0.30.1-3-gfc49f6343a (webtiles) character file.

Game seed: 12396585628419635880

93 pendulumcrow the Grave Robber (level 4, -24/35 HPs)
             Began as a Ghoul Necromancer on Aug 6, 2023.
             Annihilated by an ogre
             ... wielding a +0 giant club
              (28 damage)
             ... on level 2 of the Dungeon.
             The game lasted 00:17:46 (1757 turns).

pendulumcrow the Grave Robber (Ghoul Necromancer)   Turns: 1757, Time: 00:17:46

Health: -24/35     AC:  7    Str: 19    XL:     4   Next: 61%
Magic:  5/5        EV: 15    Int: 10    God:
Gold:   68         SH:  0    Dex:  9    Spells: 5/6 levels left

rFire   . . .        g - +0 mace
rCold   + . .        (no shield)
rNeg    + + +        d - +0 scale mail
rPois   ∞            c - +0 helmet
rElec   .            (no cloak)
rCorr   .            (no gloves)
SInv    .            (no boots)
Will    .....        (no amulet) Stlth
                     i - +6 ring of strength
HPRegen 0.00/turn    l - +5 ring of evasion
MPRegen 0.09/turn

%: no passive effects
@: inhibited regen
A: claws 1, cold resistance 1, negative energy resistance 3, inhibited
regeneration, torment resistance 2, devour on kill
a: no special abilities


You were on level 2 of the Dungeon.
You visited 1 branch of the dungeon, and saw 2 of its levels.

You collected 68 gold pieces.

Inventory:

Hand Weapons
 g - a +0 mace (weapon)
Armour
 a - a +0 robe
 c - a +0 helmet (worn)
 d - a +0 scale mail (worn)
Jewellery
 i - a +6 ring of strength (left claw)
 l - a +5 ring of evasion (right claw)
Scrolls
 f - 2 scrolls of teleportation {unknown}
 h - a scroll of vulnerability {unknown}
 j - a scroll of enchant armour {unknown}
 k - a scroll of poison {unknown}
Potions
 b - a potion of magic
 e - a potion of haste {unknown}


   Skills:
 + Level 1.1 Fighting
 + Level 1.6 Maces & Flails
 + Level 1.0 Armour
 + Level 2.3 Dodging
 + Level 2.3 Stealth
 + Level 1.1 Unarmed Combat
 + Level 1.9 Spellcasting
 + Level 4.3 Necromancy


You had 5 spell levels left.
You knew the following spells:

 Your Spells              Type           Power      Damage    Failure   Level
a - Necrotise             Necr           36%        1d5       16%         1

Your spell library contained the following spells:

 Spells                   Type           Power      Damage    Failure   Level
 Vampiric Draining        Necr           9%         2d6       43%         3
 Animate Dead             Necr           9%         N/A       85%         4
 Agony                    Necr           9%         N/A       99%         5


Dungeon Overview and Level Annotations

Branches:
Dungeon (2/15)

Altars:

Shops:
D:1 (


Innate Abilities, Weirdness & Mutations

You are immune to poison.
You have sharp fingernails.
Your flesh is cold resistant. (rC+)
You are immune to negative energy. (rN+++)
You do not regenerate when monsters are visible.
You are immune to unholy pain and torment.
You thrive by killing the living.


Message History

You completely miss the adder.
The adder is moderately wounded.
The adder completely misses you. The adder bites you.
You closely miss the adder.
The adder is moderately wounded.
The adder bites you.
You thump the adder!
The adder is severely wounded.
The adder barely misses you. The adder bites you but does no damage.
You thump the adder!
You kill the adder!
Your Fighting skill increases to level 1!
You see here an adder corpse.
Found 12 gold pieces.
You now have 68 gold pieces (gained 12).
An ogre comes into view. It is wielding a +0 giant club.
The ogre shouts!
The ogre attacks as you move away! The ogre hits you with a +0 giant club!
An adder comes into view.
Found an agate ring.
The adder hisses angrily.
You sock the adder!
The adder is almost dead.
The adder bites you but does no damage. x2
The ogre hits you with a +0 giant club!
* * * LOW HITPOINT WARNING * * *
You hit the adder.
You kill the adder!
You see here an adder corpse.
The ogre attacks as you move away! The ogre barely misses you.
You see here a +5 ring of evasion.
l - a +5 ring of evasion The ogre closely misses you.
l - a +5 ring of evasion (right claw)
The ogre attacks as you move away! The ogre closely misses you.
The ogre attacks as you move away! The ogre misses you.
The ogre attacks as you move away!
The ogre hits you with a +0 giant club!!
Ouch! That really hurt!
You die...

*** ,,* *,*
*******####* *,*
*,,,,,,,...* *,*
*,**######.######
*,* *,*
#......@O...####
*,****,*
#.####.......†.#
,,,,,,,***,*
######.##.#
,,,,,,,,,,,*
#.##.#
*,***,,*****
#.##.# *,***,,*
#.##.#
*,*,,,,*****
#.##.#
*,,,,,,,,,,*
#.##.##
,,,,**,***,*
#.##..#


You could see an ogre.

Vanquished Creatures
  5 adders (D:2)
  2 worms (D:2)
  A dart slug (D:1)
  4 endoplasms (D:1)
  A giant cockroach (D:1)
  A hobgoblin (D:2)
  4 jackals (D:2)
  8 kobolds
  3 quokkas (D:1)
  3 ball pythons (D:1)
  3 bats
  A frilled lizard (D:1)
  3 goblins (D:1)
  2 rats (D:1)
41 creatures vanquished.

Notes
Turn   | Place    | Note
-------+----------+-------------------------------------------
     0 | D:1      | pendulumcrow the Ghoul Necromancer began the quest for the
                  | Orb.
     0 | D:1      | Reached XP level 1. HP: 14/14 MP: 2/2
   204 | D:1      | Found Haxoogabick's Weapon Shop.
   306 | D:1      | Reached XP level 2. HP: 17/20 MP: 3/3
   769 | D:1      | Reached skill level 1 in Unarmed Combat
   775 | D:1      | Reached XP level 3. HP: 19/26 MP: 4/4
  1115 | D:2      | Reached skill level 1 in Maces & Flails
  1163 | D:2      | Found a faded altar of an unknown god.
  1263 | D:2      | Reached XP level 4. HP: 34/34 MP: 5/5
  1395 | D:2      | Reached skill level 1 in Armour
  1599 | D:2      | Reached skill level 1 in Fighting
  1722 | D:2      | Noticed an ogre
  1757 | D:2      | Annihilated by an ogre

Illustrated notes

Levels and vault maps discovered:
D:1:      minmay_arrival_widening_spiral_wide, layout_basic, serial_shops, shop,
          minmay_bisected
D:2:      layout_loops_ring, chequers_ecumenical_altar_simple

Skill      XL: |  1  2  3  4 |
---------------+-------------+-----
Unarmed Combat | 1 |  1.1
Maces & Flails | 1 |  1.6
Armour         | 1 |  1.0
Dodging        | 2 |  2.3
Fighting       | 1 |  1.1
Stealth        | |  2.3
Spellcasting   | |  1.9
Necromancy     | |  4.3

Action                     |  1- 3 |  4- 6 || total
---------------------------+-------+-------++-------
  Melee: Unarmed           |    17 |       ||    17
         Club              |    37 |       ||    37
         Punch             |     2 |     1 ||     3
         Mace              |   103 |    58 ||   161
    Use: Potion            |     2 |       ||     2
         Scroll            |     1 |       ||     1
   Stab: Sleeping          |     1 |       ||     1
 Armour: Scale mail        |    96 |    41 ||   137
         Robe              |     2 |       ||     2
  Dodge: Dodged            |    98 |    49 ||   147
